 Dungeon Crawl Stone Soup version 0.17.1-1-g73c8601 (webtiles) character file.

388 Glider the Changer (level 6, -2/47 HPs)
             Began as a Draconian Transmuter on Jan 9, 2016.
             Was an Initiate of Ru.
             Succumbed to Glider's ghost's poison
             ... on level 3 of the Dungeon.
             The game lasted 00:08:44 (3388 turns).

Glider the Changer (Draconian Transmuter)           Turns: 3388, Time: 00:08:44

Health: -2/47      AC:  2    Str: 12    XL:     6   Next: 49%
Magic:  6/9        EV: 19    Int: 14    God:    Ru [......]
Gold:   224        SH:  0    Dex: 18    Spells: 3 memorised, 3 levels left

rFire  . . .     SeeInvis .       - Unarmed
rCold  . . .     Clarity  .     (armour unavailable)
rNeg   . . .     SustAt   .     (shield currently unavailable)
rPois  x         Gourm    .     (helmet currently unavailable)
rElec  .         Spirit   .     (cloak currently unavailable)
rCorr  .         Warding  .     (gloves currently unavailable)
rMut   .         Stasis   .     (boots currently unavailable)
MR     .....                    (no amulet)
Stlth  ++........               (no ring)
                                (no ring)

@: lethally poisoned (-2 -> -43), spider-form (expiring), not resistant to
hostile enchantments, unstealthy
A: unfitting armour, (cold-blooded), AC +6
a: End Transformation, Renounce Religion


You were on level 3 of the Dungeon.
You worshipped Ru.
Ru was noncommittal.
You were not hungry.
You were a venomous arachnid creature.
You visited 1 branch of the dungeon, and saw 4 of its levels.

You collected 224 gold pieces.

Inventory:

Hand Weapons
 e - a +0 dagger of venom
 i - a +0 spear of freezing
 r - a +1 short sword of venom (melded)
Missiles
 a - 32 arrows
Wands
 t - a wand of fire (9)
Scrolls
 j - 10 scrolls of identify {unknown}
 l - a scroll of enchant armour {unknown}
 n - 3 scrolls of enchant weapon {unknown}
 s - 2 scrolls of recharging {unknown}
 v - a scroll of amnesia {unknown}
Potions
 d - 2 potions of curing
 h - a potion of ambrosia {unknown}
 k - a potion of haste {unknown}
 m - 3 potions of resistance {unknown}
 o - 2 potions of lignification {unknown}
 p - a potion of cancellation {unknown}
 u - a potion of brilliance {unknown}
Books
 b - a book of Changes

   Spells                             Type                      Level
   a - Beastly Appendage              Transmutation                1
   b - Sticks to Snakes               Transmutation                2
   c - Spider Form                    Transmutation/Poison         3
   d - Ice Form                       Ice/Transmutation            4
   e - Blade Hands                    Transmutation                5
Comestibles
 c - 2 bread rations
 f - a meat ration
 g - 4 fruits
 q - a chunk of flesh


   Skills:
 - Level 1.1 Fighting
 - Level 1.7 Dodging
 * Level 4.6 Unarmed Combat
 - Level 2.0 Spellcasting
 * Level 5.4 Transmutations
 - Level 2.0 Poison Magic


You had 3 spell levels left.
You knew the following spells:

 Your Spells              Type           Power        Failure   Level  Hunger
a - Beastly Appendage     Trmt           ###...       10%         1    ##.....
b - Sticks to Snakes      Trmt           ###.......   14%         2    ###....
c - Spider Form           Trmt/Pois      ##........   36%         3    ####...


Dungeon Overview and Level Annotations

Branches:
Dungeon (4/15)
 Temple: D:4-7

Altars:
Fedhas
Kikubaaqudgha
Okawaru
Ru
Yredelemnul
Zin

Annotations:
D:4 Glider's ghost, amateur DgTm


Innate Abilities, Weirdness & Mutations

((Your plain brown scales are hard (AC +6).))
Your body does not fit into most forms of armour.
((You are cold-blooded and may be slowed by cold attacks.))


Message History

You feel sick. Glider's ghost misses you.
Your ball python barely misses Glider's ghost.
You hit Glider's ghost.
Glider's ghost is almost destroyed.
* * * LOW HITPOINT WARNING * * *
You feel sick. Glider's ghost misses you.
Your ball python bites Glider's ghost but does no damage.
You barely miss Glider's ghost.
Glider's ghost is almost destroyed.
* * * LOW HITPOINT WARNING * * *
You feel sick. Glider's ghost hits you!
* * * LOW HITPOINT WARNING * * *
You are more poisoned.
Your ball python misses Glider's ghost.
* * * LOW HITPOINT WARNING * * *
You feel very sick. Glider's ghost closely misses you.
Your ball python bites Glider's ghost.
You climb upwards.
The ghost fades into the shadows.
Glider's ghost disappears!
Your summoned ally is left behind.
You die...

## ################# #.
#...............# #.
##########.#.#.#########.#####.
#...................# #.#.....
#..#######.#.#.###..# #.#.....
#..# #....s# #..# #.#.....
#..#########.#####..####.......
#..........................###.
#...#######...####.##.##.#.# #.
#...# #.....##.##.##.#.####
##...## ###.........#....#....#
#.....####.....###.....#######..
#..###..รท..###.#
#........#....# #..# #....<#
#.###.###.##.#.####


There were no monsters in sight!

Vanquished Creatures
  An ogre (D:4)
  A scorpion (D:4)
  The ghost of Flanowski the Sneak, a weakling VSAs (D:3)
  A hound (D:4)
  Terence (D:3)
  A hound skeleton (D:4)
  4 gnolls (D:2)
  5 adders
  An adder skeleton (D:4)
  A worm (D:2)
  2 giant geckos
  An orc (D:2)
  14 goblins
  9 hobgoblins
  8 kobolds
  2 ball pythons
  9 bats
  7 giant newts
  A quokka (D:3)
  5 rats
75 creatures vanquished.

Notes
Turn   | Place    | Note
--------------------------------------------------------------
     0 | D:1      | Glider the Draconian Transmuter began the quest for the Orb.
     0 | D:1      | Reached XP level 1. HP: 16/16 MP: 3/3
   211 | D:1      | Reached XP level 2. HP: 23/23 MP: 5/5
   216 | D:1      | Learned a level 2 spell: Sticks to Snakes
  1173 | D:2      | Reached XP level 3. HP: 18/28 MP: 4/6
  1191 | D:2      | Reached skill level 4 in Transmutations
  1191 | D:2      | Reached XP level 4. HP: 3/35 MP: 7/7
  1832 | D:2      | Learned a level 3 spell: Spider Form
  2240 | D:2      | Reached skill level 1 in Poison Magic
  2446 | D:2      | Reached XP level 5. HP: 38/40 MP: 8/8
  2536 | D:3      | Noticed Terence
  2547 | D:3      | Killed Terence
  2661 | D:3      | Noticed Flanowski's ghost (weakling VSAs)
  2671 | D:3      | Killed Flanowski's ghost
  2671 | D:3      | Reached skill level 5 in Transmutations
  3097 | D:3      | Found an ancient bone altar of Kikubaaqudgha.
  3191 | D:4      | Reached XP level 6. HP: 39/47 MP: 9/9
  3241 | D:4      | Found an iron altar of Okawaru.
  3253 | D:4      | Noticed an ogre
  3259 | D:4      | Killed an ogre
  3305 | D:4      | Found a basalt altar of Yredelemnul.
  3305 | D:4      | Found a sacrificial altar of Ru.
  3305 | D:4      | Found a glowing silver altar of Zin.
  3329 | D:4      | Found a blossoming altar of Fedhas.
  3335 | D:4      | Became a worshipper of Ru the Awakened
  3355 | D:4      | Noticed Glider's ghost (amateur DgTm)
  3387 | D:4      | HP: 2/47 [poisoned by Glider's ghost]
  3388 | D:3      | Succumbed to Glider's ghost's poison

Action                   |  1- 3 |  4- 6 || total
-------------------------+-------+-------++-------
Melee: Unarmed           |    12 |    18 ||    30
       Spear             |    99 |    73 ||   172
       Dagger            |     5 |       ||     5
       Short sword       |       |    97 ||    97
 Cast: Beastly Appendage |       |     1 ||     1
       Spider Form       |       |     1 ||     1
       Sticks to Snakes  |       |     1 ||     1
  Use: Potion            |       |     1 ||     1
 Stab: Sleeping          |       |     2 ||     2
  Eat: Chunk             |     1 |     7 ||     8
